PIO (24 & UNDER)
COLORADO COMMANDERS @ SURREY SINNERS
09/05/2026
 
TOP OF THE 1ST
Colorado Commanders batting - Pitching for Surrey Sinners : RHP Luis Ramírez
Pitching: RHP Luis Ramírez
Batting: SHB Pancho Vásquez 0-0: Called Strike
0-1: Called Strike
0-2: Ball
1-2: Ground out 6-3 (Groundball, 6M)
Batting: LHB Arturo Rodledo 0-0: Called Strike
0-1: Swinging Strike
0-2: Ball
1-2: Foul Ball, location: 2F
1-2: Strikes out looking
Batting: SHB Theodore Cook 0-0: Foul Ball, location: 2F
0-1: Ground out 3-1 (Groundball, 34S)
Top of the 1st over - 0 run(s), 0 hit(s), 0 error(s), 0 left on base; Colorado 0 - Surrey 0
BOTTOM OF THE 1ST
Surrey Sinners batting - Pitching for Colorado Commanders : RHP Larry Jenkins
Pitching: RHP Larry Jenkins
Batting: RHB Eugene Booth 0-0: Foul Ball, location: 2F
0-1: Ball
1-1: Called Strike
1-2: Strikes out swinging
Batting: RHB Augusto Trevino 0-0: Ball
1-0: Foul Ball, location: 2F
1-1: Foul Ball, location: 2F
1-2: Ground out 1-3 (Groundball, 25)
Batting: RHB Clint Younger 0-0: Ball
1-0: Called Strike
1-1: Called Strike
1-2: Foul Ball, location: 2F
1-2: Strikes out looking
Bottom of the 1st over - 0 run(s), 0 hit(s), 0 error(s), 0 left on base; Colorado 0 - Surrey 0
TOP OF THE 2ND
Colorado Commanders batting - Pitching for Surrey Sinners : RHP Luis Ramírez
Batting: RHB Roberto Rodríguez 0-0: Ground out 5-3 (Groundball, 5)
Batting: RHB Carlos Hernández 0-0: Called Strike
0-1: Ground out 6-3 (Groundball, 6M)
Batting: RHB Alberto Soto 0-0: Called Strike
0-1: Called Strike
0-2: Foul Ball, location: 2F
0-2: Fly out, F7 (Line Drive, 7M)
Top of the 2nd over - 0 run(s), 0 hit(s), 0 error(s), 0 left on base; Colorado 0 - Surrey 0
BOTTOM OF THE 2ND
Surrey Sinners batting - Pitching for Colorado Commanders : RHP Larry Jenkins
Batting: LHB Buddy Rice 0-0: Called Strike
0-1: Called Strike
0-2: Ball
1-2: Ball
2-2: Strikes out swinging
Batting: RHB Cooper Richard 0-0: Called Strike
0-1: Ball
1-1: Called Strike
1-2: Ball
2-2: Strikes out swinging
Batting: RHB Ramón Molina 0-0: Ball
1-0: Foul Ball, location: 2F
1-1: Called Strike
1-2: DOUBLE (Line Drive, 7LM)
Batting: LHB Juan Hinojosa 0-0: Fly out, F7 (Flyball, 7S)
Bottom of the 2nd over - 0 run(s), 1 hit(s), 0 error(s), 1 left on base; Colorado 0 - Surrey 0
TOP OF THE 3RD
Colorado Commanders batting - Pitching for Surrey Sinners : RHP Luis Ramírez
Batting: RHB Frank Martínez 0-0: Foul Ball, location: 2F
0-1: Foul Ball, location: 2F
0-2: Strikes out looking
Batting: RHB Adam Reeves 0-0: Called Strike
0-1: Ball
1-1: Ball
2-1: Ball
3-1: SINGLE (Line Drive, 78M)
Batting: RHB Tim Adkins 0-0: Grounds into double play, 4-6-3 (Groundball, 34)
Top of the 3rd over - 0 run(s), 1 hit(s), 0 error(s), 0 left on base; Colorado 0 - Surrey 0
BOTTOM OF THE 3RD
Surrey Sinners batting - Pitching for Colorado Commanders : RHP Larry Jenkins
Batting: LHB José Blanco 0-0: Swinging Strike
0-1: Called Strike
0-2: Strikes out swinging
Batting: RHB Ryan Parrish 0-0: Swinging Strike
0-1: Ground out 6-3 (Groundball, 6)
Batting: RHB Eugene Booth 0-0: Fly out, F9 (Flyball, 89M)
Bottom of the 3rd over - 0 run(s), 0 hit(s), 0 error(s), 0 left on base; Colorado 0 - Surrey 0
TOP OF THE 4TH
Colorado Commanders batting - Pitching for Surrey Sinners : RHP Luis Ramírez
Batting: SHB Pancho Vásquez 0-0: Ball
1-0: Ball
2-0: Ball
3-0: Base on Balls
Batting: LHB Arturo Rodledo 0-0: Foul Ball, location: 2F
0-1: Called Strike
0-2: Strikes out swinging
Batting: SHB Theodore Cook 0-0: Called Strike
Pancho Vásquez is caught stealing 2nd base
0-1: Called Strike
0-2: Ball
1-2: Ball
2-2: Strikes out swinging
Top of the 4th over - 0 run(s), 0 hit(s), 0 error(s), 0 left on base; Colorado 0 - Surrey 0
BOTTOM OF THE 4TH
Surrey Sinners batting - Pitching for Colorado Commanders : RHP Larry Jenkins
Batting: RHB Augusto Trevino 0-0: Foul Ball, location: 2F
0-1: Ball
1-1: Foul Ball, location: 2F
1-2: Foul Ball, location: 2F
1-2: Foul Ball, location: 2F
1-2: Fly out, F8 (Flyball, 8RD)
Batting: RHB Clint Younger 0-0: Called Strike
0-1: Ball
1-1: Ball
2-1: Ball
3-1: Swinging Strike
3-2: Base on Balls
Batting: LHB Buddy Rice 0-0: Ball
1-0: SINGLE (Line Drive, 78M)
Clint Younger to second
Batting: RHB Cooper Richard 0-0: Ball
1-0: Ball
Throwing error on steal attempt, E2
Clint Younger scores
Buddy Rice to third
2-0: Called Strike
2-1: Foul Ball, location: 2F
2-2: Ground out 6-3 (Groundball, 6)
Buddy Rice scores
Batting: RHB Ramón Molina 0-0: Called Strike
0-1: SINGLE (Groundball, 4MD)
Batting: LHB Juan Hinojosa 0-0: Ball
1-0: Ball
2-0: Ball
3-0: Called Strike
3-1: Foul Ball, location: 2F
3-2: Foul Ball, location: 2F
3-2: Foul Ball, location: 2F
3-2: Base on Balls
Ramón Molina to second
Batting: LHB José Blanco 0-0: Ball
1-0: Called Strike
1-1: Ball
2-1: Foul Ball, location: 2F
Balk!
Ramón Molina to third
Juan Hinojosa to second
2-2: Foul Ball, location: 2F
2-2: Foul Ball, location: 2F
2-2: TRIPLE (Line Drive, 7LS)
Ramón Molina scores
Juan Hinojosa scores
Batting: RHB Ryan Parrish 0-0: Foul Ball, location: 2F
0-1: Ball
1-1: Called Strike
1-2: Strikes out looking
Bottom of the 4th over - 4 run(s), 3 hit(s), 1 error(s), 1 left on base; Colorado 0 - Surrey 4
TOP OF THE 5TH
Colorado Commanders batting - Pitching for Surrey Sinners : RHP Luis Ramírez
Batting: RHB Roberto Rodríguez 0-0: Ball
1-0: Swinging Strike
1-1: Ball
2-1: Ground out 5-3 (Groundball, 56S)
Batting: RHB Carlos Hernández 0-0: Ball
1-0: Called Strike
1-1: Ball
2-1: SOLO HOME RUN (Flyball, 78XD), Distance : 411 ft
Batting: RHB Alberto Soto 0-0: Ball
1-0: Ball
2-0: Called Strike
2-1: Foul Ball, location: 2F
2-2: Ball
3-2: Strikes out looking
Batting: RHB Frank Martínez 0-0: Ball
1-0: Swinging Strike
1-1: Ball
2-1: Fly out, F7 (Flyball, 7LM)
Top of the 5th over - 1 run(s), 1 hit(s), 0 error(s), 0 left on base; Colorado 1 - Surrey 4
BOTTOM OF THE 5TH
Surrey Sinners batting - Pitching for Colorado Commanders : RHP Larry Jenkins
Batting: RHB Eugene Booth 0-0: Ball
1-0: Called Strike
1-1: Ball
2-1: Called Strike
2-2: Ground out 5-3 (Groundball, 5)
Batting: RHB Augusto Trevino 0-0: Called Strike
0-1: Ball
1-1: Foul Ball, location: 2F
1-2: Ball
2-2: Ball
3-2: Foul Ball, location: 2F
3-2: Foul Ball, location: 2F
3-2: Foul Ball, location: 2F
3-2: Ground out 6-3 (Groundball, 6)
Batting: RHB Clint Younger 0-0: Ball
1-0: Foul Ball, location: 2F
1-1: Foul Ball, location: 2F
1-2: Strikes out looking
Bottom of the 5th over - 0 run(s), 0 hit(s), 0 error(s), 0 left on base; Colorado 1 - Surrey 4
TOP OF THE 6TH
Colorado Commanders batting - Pitching for Surrey Sinners : RHP Luis Ramírez
Batting: RHB Adam Reeves 0-0: Fly out, F8 (Line Drive, 8LM)
Batting: RHB Tim Adkins 0-0: Foul Ball, location: 2F
0-1: Ball
1-1: Foul Ball, location: 2F
1-2: Ball
2-2: Foul Ball, location: 2F
2-2: Foul Ball, location: 2F
2-2: Ball
3-2: Strikes out swinging
Batting: SHB Pancho Vásquez 0-0: Called Strike
0-1: Ball
1-1: Foul Ball, location: 2F
1-2: Foul Ball, location: 2F
1-2: Ground out U3 (Groundball, 3)
Top of the 6th over - 0 run(s), 0 hit(s), 0 error(s), 0 left on base; Colorado 1 - Surrey 4
BOTTOM OF THE 6TH
Surrey Sinners batting - Pitching for Colorado Commanders : RHP Larry Jenkins
Pitching: RHP Bill Davis
Batting: LHB Buddy Rice 0-0: Ball
1-0: Called Strike
1-1: Foul Ball, location: 2F
1-2: SOLO HOME RUN (Flyball, 9LD), Distance : 340 ft
Batting: RHB Cooper Richard 0-0: Called Strike
0-1: Fly out, F7 (Flyball, 7D)
Batting: RHB Ramón Molina 0-0: Ball
1-0: SOLO HOME RUN (Flyball, 7LD), Distance : 353 ft
Batting: LHB Juan Hinojosa 0-0: Called Strike
0-1: Foul Ball, location: 2F
0-2: Foul Ball, location: 2F
0-2: Ball
1-2: Foul Ball, location: 2F
1-2: Ball
2-2: Ball
3-2: Base on Balls
Pitching: RHP Jesús Medina
Batting: LHB José Blanco 0-0: Called Strike
0-1: Ball
1-1: Called Strike
1-2: Strikes out swinging
Batting: RHB Ryan Parrish 0-0: Ball
1-0: SINGLE (Line Drive, 34D)
Juan Hinojosa to second
Batting: RHB Eugene Booth 0-0: Ball
1-0: Ball
2-0: Swinging Strike
2-1: Called Strike
2-2: Ball
3-2: Foul Ball, location: 2F
3-2: Strikes out swinging
Bottom of the 6th over - 2 run(s), 3 hit(s), 0 error(s), 2 left on base; Colorado 1 - Surrey 6
TOP OF THE 7TH
Colorado Commanders batting - Pitching for Surrey Sinners : RHP Luis Ramírez
Batting: LHB Arturo Rodledo 0-0: Ball
1-0: Ball
2-0: Ball
3-0: Base on Balls
Batting: SHB Theodore Cook 0-0: Ball
1-0: Ball
2-0: Foul Ball, location: 2F
2-1: SINGLE (Line Drive, 8LS)
Arturo Rodledo to second
Batting: RHB Roberto Rodríguez 0-0: Called Strike
0-1: Ball
1-1: Foul Ball, location: 2F
1-2: Strikes out looking
Batting: RHB Carlos Hernández 0-0: Foul Ball, location: 2F
0-1: Called Strike
0-2: Ball
1-2: Strikes out looking
Pitching: LHP Dennis Morales
Batting: RHB Alberto Soto 0-0: Ball
1-0: Called Strike
1-1: Ball
2-1: Called Strike
2-2: Strikes out looking
Top of the 7th over - 0 run(s), 1 hit(s), 0 error(s), 2 left on base; Colorado 1 - Surrey 6
BOTTOM OF THE 7TH
Surrey Sinners batting - Pitching for Colorado Commanders : RHP Jesús Medina
Batting: RHB Augusto Trevino 0-0: Ball
1-0: Foul Ball, location: 2F
1-1: Ball
2-1: SINGLE (Flyball, 8LS)
Batting: RHB Clint Younger 0-0: Ball
1-0: Swinging Strike
1-1: Swinging Strike
1-2: Foul Ball, location: 2F
1-2: Ball
2-2: Ball
3-2: Foul Ball, location: 2F
3-2: Strikes out looking
Batting: LHB Buddy Rice 0-0: Foul Ball, location: 2F
0-1: Foul Ball, location: 2F
0-2: Ball
1-2: Strikes out swinging
Batting: RHB Cooper Richard 0-0: Ball
Augusto Trevino is caught stealing 2nd base
Bottom of the 7th over - 0 run(s), 1 hit(s), 0 error(s), 0 left on base; Colorado 1 - Surrey 6
TOP OF THE 8TH
Colorado Commanders batting - Pitching for Surrey Sinners : LHP Dennis Morales
Now in LF: Daniel Santiago
Batting: RHB Frank Martínez 0-0: Called Strike
0-1: Called Strike
0-2: Foul Ball, location: 2F
0-2: Ball
1-2: Strikes out looking
Batting: RHB Adam Reeves 0-0: Ball
1-0: Ball
2-0: Fly out, F9 (Flyball, 89M)
Batting: RHB Tim Adkins 0-0: Ball
1-0: Foul Ball, location: 2F
1-1: Ball
2-1: Foul Ball, location: 2F
2-2: Strikes out swinging
Top of the 8th over - 0 run(s), 0 hit(s), 0 error(s), 0 left on base; Colorado 1 - Surrey 6
BOTTOM OF THE 8TH
Surrey Sinners batting - Pitching for Colorado Commanders : RHP Jesús Medina
Batting: RHB Cooper Richard 0-0: Called Strike
0-1: Ball
1-1: Ball
2-1: Swinging Strike
2-2: Hit by Pitch
Batting: RHB Ramón Molina 0-0: Called Strike
Cooper Richard steals 2nd base
0-1: Called Strike
0-2: Strikes out swinging
Pitching: RHP Joe King
Batting: LHB Juan Hinojosa 0-0: Ball
1-0: Called Strike
1-1: Ball
2-1: Ball
3-1: Base on Balls
Batting: LHB José Blanco 0-0: Called Strike
Cooper Richard steals 3rd base
Juan Hinojosa to second
0-1: Ball
Wild Pitch!
Cooper Richard scores
Juan Hinojosa to third
1-1: SINGLE (Line Drive, 89S)
Juan Hinojosa scores
Batting: RHB Ryan Parrish 0-0: Ball
1-0: Called Strike
1-1: Swinging Strike
1-2: Ball
2-2: Ground out 6-3 (Groundball, 6S)
José Blanco to second
Batting: RHB Eugene Booth 0-0: Ball
1-0: Called Strike
1-1: Ball
2-1: Foul Ball, location: 2F
2-2: Ball
Wild Pitch!
José Blanco to third
3-2: Foul Ball, location: 2F
3-2: Foul Ball, location: 2F
3-2: Base on Balls
Batting: RHB Augusto Trevino 0-0: Called Strike
0-1: Called Strike
0-2: Strikes out swinging
Bottom of the 8th over - 2 run(s), 1 hit(s), 0 error(s), 2 left on base; Colorado 1 - Surrey 8
TOP OF THE 9TH
Colorado Commanders batting - Pitching for Surrey Sinners : LHP Dennis Morales
Batting: SHB Pancho Vásquez 0-0: Ball
1-0: Ball
2-0: Called Strike
2-1: Foul Ball, location: 2F
2-2: Strikes out swinging
Batting: LHB Arturo Rodledo 0-0: Ball
1-0: Ball
2-0: Foul Ball, location: 2F
2-1: Ball
3-1: Base on Balls
Batting: SHB Theodore Cook 0-0: Ball
1-0: Fly out, F5 (Popup, 25)
Batting: RHB Roberto Rodríguez 0-0: Called Strike
0-1: Foul Ball, location: 2F
0-2: Ball
1-2: Ball
2-2: Strikes out swinging
Top of the 9th over - 0 run(s), 0 hit(s), 0 error(s), 1 left on base; Colorado 1 - Surrey 8
Monday, December 5th, 2016 - OOTP Baseball 17.12 Build 75